 Dungeon Crawl Stone Soup version 0.29.0 (webtiles) character file.

Game seed: 8878909383948878069

3 Dorkslayer the Trooper (level 1, -1/20 HPs)
             Began as a Hill Orc Fighter on Sept 8, 2022.
             Slain by a quokka (2 damage)
             ... on level 1 of the Dungeon.
             The game lasted 00:00:17 (53 turns).

Dorkslayer the Trooper (Hill Orc Fighter)             Turns: 53, Time: 00:00:18

Health: -1/20      AC:  6    Str: 18    XL:     1   Next: 50%
Magic:  1/1        EV:  9    Int:  8    God:
Gold:   18         SH:  4    Dex: 10    Spells: 0/0 levels left

rFire   . . .      SeeInvis .   a - +0 war axe
rCold   . . .      Faith    .   c - +0 buckler
rNeg    . . .      Spirit   .   b - +0 scale mail
rPois   .          Reflect  .   (no helmet)
rElec   .          Harm     .   (no cloak)
rCorr   .          Rampage  .   (no gloves)
Will    .....                   (no boots)
Stlth   ..........              (no amulet)
HPRegen 0.06/turn               (no ring)
MPRegen 0.07/turn               (no ring)

@: no status effects
A: no striking features
a: no special abilities


You were on level 1 of the Dungeon.
You visited 1 branch of the dungeon, and saw 1 of its levels.

You collected 18 gold pieces.

Inventory:

Hand Weapons
 a - a +0 war axe (weapon)
Armour
 b - a +0 scale mail (worn)
 c - a +0 buckler (worn)
Potions
 d - a potion of might


   Skills:
 * Level 3.8 Fighting
 + Level 2.7 Axes
 + Level 3.3 Armour
 + Level 3.3 Shields


You couldn't memorise any spells.
You didn't know any spells.
Your spell library was empty.

Dungeon Overview and Level Annotations

Branches:
Dungeon (1/15)

Altars:


Message History

The hobgoblin barely misses you.
The quokka bites you but does no damage.
The quokka bites you.
You barely miss the hobgoblin. You miss the quokka. You hit the quokka.
The hobgoblin hits you but does no damage.
The quokka barely misses you.
The quokka bites you but does no damage.
A bat comes into view.
An endoplasm comes into view.
The hobgoblin barely misses you.
You closely miss the hobgoblin.
The endoplasm quivers.
You hit the quokka. You barely miss the quokka.
You block the quokka's attack. x2
The hobgoblin hits you. The quokka bites you. The quokka closely misses you.
You closely miss the hobgoblin. You hit the quokka but do no damage.
You barely miss the quokka. The bat hits you but does no damage.
The quokka bites you but does no damage. x2
The hobgoblin closely misses you.
The quokka bites you but does no damage. x2
The hobgoblin hits you. The hobgoblin attacks as you move away!
The hobgoblin hits you.
* * * LOW HITPOINT WARNING * * *
The bat completely misses you. The endoplasm attacks as you move away!
The endoplasm hits you.
* * * LOW HITPOINT WARNING * * *
The bat hits you.
* * * LOW HITPOINT WARNING * * *
You block the quokka's attack. The bat hits you.
* * * LOW HITPOINT WARNING * * *
The bat hits you but does no damage.
The quokka twitches its whiskers.
The bat hits you but does no damage. The bat attacks as you move away!
The bat hits you but does no damage. You block the bat's attack.
The quokka attacks as you move away! You block the quokka's attack.
You hit the quokka.
You kill the quokka!
The quokka bites you.
* * * LOW HITPOINT WARNING * * *
You miss the quokka. The quokka bites you.
You die...

#...... #.... #......
.... #...... ....
#...... #.. #...... #.##
### ###.....
#..###.###.......
##.####b...†##........
###....@rJ..............
..)..######g...###......
........gr.....# #......
.......[.Jb#.#.# #>.....
......)..###.#.# ##.....
.....$..## #.#.. .....
.......## #.##.. ..###
....... #.# #.# ##..##.
..


You could see an endoplasm, a quokka, a hobgoblin and a bat.

Vanquished Creatures
  A kobold (D:1)
  A quokka (D:1)
  A frilled lizard (D:1)
3 creatures vanquished.

Notes
Turn   | Place    | Note
-------+----------+-------------------------------------------
     0 | D:1      | Dorkslayer the Hill Orc Fighter began the quest for the
                  | Orb.
     0 | D:1      | Reached XP level 1. HP: 19/19 MP: 1/1
    45 | D:1      | HP: 1/20 [bat (1)]
    52 | D:1      | HP: 1/20 [quokka (1)]
    53 | D:1      | Slain by a quokka

Illustrated notes

Levels and vault maps discovered:
D:1:      dpeg_arrival_water_altar, layout_rooms,
          hellmonk_ecumenical_altar_blasted, glass_columns_a, st_stairs_1,
          hex_medium

Action                   || total
-------------------------++-------
Melee: War axe           ||     9
Armor: Scale mail        ||    14
Dodge: Dodged            ||    11
Block: Buckler           ||     5
